 Dungeon Crawl Stone Soup version 0.19.0-11-g3fc08b3 (webtiles) character file.

26 tsouns the Firebug (level 3, -5/19 HPs)
             Began as a Tengu Fire Elementalist on Nov 9, 2016.
             Killed from afar by Sigmund (8 damage)
             ... with a puff of flame
             ... on level 2 of the Dungeon.
             The game lasted 00:02:58 (1232 turns).

tsouns the Firebug (Tengu Fire Elementalist)        Turns: 1232, Time: 00:02:59

Health: -5/19      AC:  3    Str:  8    XL:     3   Next: 8%
Magic:  0/7        EV: 12    Int: 16    God:
Gold:   39         SH:  0    Dex: 14    Spells: 3 memorised, 0 levels left

rFire  . . .     SeeInvis .     e - +0 hunting sling
rCold  . . .     Gourm    .     a - +0 robe
rNeg   . . .     Faith    .     (no shield)
rPois  .         Spirit   .     (helmet restricted)
rElec  .         Reflect  .     l - +0 cloak
rCorr  .         Harm     .     (no gloves)
MR     .....                    (boots unavailable)
Stlth  ++........               (no amulet)
                                (no ring)
                                (no ring)

@: very slightly contaminated
A: beak, talons 3
a: no special abilities


You were on level 2 of the Dungeon.
You were not hungry.

You visited 1 branch of the dungeon, and saw 2 of its levels.

You collected 39 gold pieces.

Inventory:

Hand Weapons
 e - a +0 hunting sling (weapon)
Missiles
 f - 55 stones (quivered)
Armour
 a - a +0 robe (worn)
 l - a +0 cloak (worn)
Wands
 p - a wand of teleportation (5/9)
Scrolls
 d - a scroll of immolation {unknown}
 g - a scroll of blinking {unknown}
 h - a scroll of teleportation {unknown}
 i - a scroll of noise {unknown}
 m - a scroll of identify {unknown}
 o - a scroll of fog {unknown}
Potions
 j - a potion of might {unknown}
 n - a potion of heal wounds {unknown}
Books
 b - a book of Flames

   Spells                             Type                      Level
   a - Flame Tongue                   Conjuration/Fire             1
   b - Throw Flame                    Conjuration/Fire             2
   c - Conjure Flame                  Conjuration/Fire             3
   d - Inner Flame                    Hexes/Fire                   3
   e - Sticky Flame                   Conjuration/Fire             4
   f - Fireball                       Conjuration/Fire             5
Comestibles
 c - a bread ration
 k - 2 fruits


   Skills:
 - Level 2.1 Dodging
 - Level 2.0 Stealth
 + Level 2.1 Spellcasting
 + Level 2.4 Conjurations
 + Level 4.0 Fire Magic


You couldn't memorise any spells.
You knew the following spells:

 Your Spells              Type           Power        Failure   Level  Hunger
a - Flame Tongue          Conj/Fire      ##...        8%          1    #......
b - Throw Flame           Conj/Fire      ##....       10%         2    ###....
c - Conjure Flame         Conj/Fire      ##......     17%         3    ###....


Dungeon Overview and Level Annotations

Branches:
Dungeon (2/15)

Altars:

Annotations:
D:2 Sigmund


Innate Abilities, Weirdness & Mutations

You have a beak for a mouth.
You have claws for feet.


Message History

Sigmund is almost dead.
Sigmund gestures at you while chanting. You resist with significant effort.
Unknown command.
Firing (i - inventory):
f - 56 stones (quivered)
Press: ? - help, Shift-Dir - straight line, f/p - Sigmund
Aim: Sigmund, wielding a scythe and wearing a robe (almost dead)
You shoot a stone. The stone closely misses Sigmund.
Unknown command.
Casting: Flame Tongue
Confirm with . or Enter, or press ? or * to list all spells.
Aiming: Flame Tongue
Press: ? - help, Shift-Dir - straight line, f/p - Sigmund
Aim: Sigmund, wielding a scythe and wearing a robe (almost dead)
You miscast Flame Tongue.
Nothing appears to happen.
Sigmund hits you from afar with a scythe!
* * * LOW HITPOINT WARNING * * *
Sigmund casts a spell at you. The puff of flame hits you!
You die...

#........ .# ......###
#.# ...รท<...###)######
#
......#..........###(##.
....###.......<...(.(...
#.^.# ##.........@......
##.#####.#....##.#
#............##.#
#............##@#
........)##.#.##.#
###...........##.#
#.####.........# #.
####.###### # #.# #.#
#.# #.#


You could see Sigmund.

Vanquished Creatures
  3 bats (D:1)
  3 giant cockroaches (D:1)
  3 goblins (D:1)
  2 hobgoblins (D:1)
  5 kobolds (D:1)
  2 frilled lizards (D:1)
  8 rats
26 creatures vanquished.

Notes
Turn   | Place    | Note
-------+----------+-------------------------------------------
     0 | D:1      | tsouns the Tengu Fire Elementalist began the quest for the Orb.
     0 | D:1      | Reached XP level 1. HP: 10/10 MP: 4/4
   366 | D:1      | Reached XP level 2. HP: 15/15 MP: 1/6
   881 | D:1      | Reached skill level 4 in Fire Magic
  1037 | D:1      | Reached XP level 3. HP: 19/19 MP: 5/7
  1183 | D:2      | Learned a level 2 spell: Throw Flame
  1187 | D:2      | Learned a level 3 spell: Conjure Flame
  1218 | D:2      | Noticed Sigmund
  1232 | D:2      | Killed from afar by Sigmund

Skill      XL: |  1  2 |
---------------+-------+-----
Conjurations   | 2 |  2.4
Fire Magic     | 4 |  4.0
Dodging        | |  2.1
Stealth        | |  2.0
Spellcasting   | |  2.1

Action                   || total
-------------------------++-------
Melee: Unarmed           ||    15
       Peck              ||     2
       Kick              ||     2
 Fire: Hunting sling     ||    22
 Cast: Flame Tongue      ||    39
  Eat: Chunk             ||     2
Armor: Robe              ||    14
Dodge: Dodged            ||    32
